 Dungeon Crawl Stone Soup version 0.17-a0-1842-gacc33f2 (webtiles) character file.

46 Kolbur the Chiller (level 3, -2/24 HPs)
             Began as a Merfolk Ice Elementalist on Sept 17, 2015.
             Slain by a centaur (8 damage)
             ... on level 5 of the Dungeon.
             The game lasted 00:18:09 (875 turns).

Kolbur the Chiller (Merfolk Ice Elementalist)        Turns: 875, Time: 00:18:09

Health: -2/24      AC:  2    Str:  8    XL:     3   Next: 68%
Magic:  1/6        EV: 13    Int: 15    God:
Gold:   66         SH:  0    Dex: 14    Spells: 2 memorised, 2 levels left

rFire  . . .     SeeInvis .     j - +0 short sword (drain)
rCold  . . .     Clarity  .     f - +0 robe
rNeg   . . .     SustAt   .     (no shield)
rPois  .         Gourm    .     (no helmet)
rElec  .         Spirit   .     (no cloak)
rCorr  .         Warding  .     (no gloves)
rMut   .         Stasis   .     (no boots)
MR     .....                    (no amulet)
Stlth  ++........               (no ring)
                                (no ring)

@: not resistant to hostile enchantments, unstealthy
A: change form in water, swift swim
a: no special abilities


You were on level 5 of the Dungeon.
You were not hungry.

You visited 1 branch of the dungeon, and saw 5 of its levels.

You collected 66 gold pieces.

Inventory:

Hand weapons
 a - a +0 spear
 j - a +0 short sword of draining (weapon)
Missiles
 e - 6 javelins
 i - 63 stones (quivered)
 m - 6 curare-tipped needles
 s - a tomahawk
Armour
 f - a +0 robe (worn)
Scrolls
 d - a scroll of recharging
 g - a scroll of remove curse
 l - a scroll of fog {unknown}
 n - a scroll of noise {unknown}
 o - a scroll of amnesia {unknown}
 q - a scroll of enchant weapon {unknown}
Potions
 p - a potion of cancellation
Books
 b - a book of Frost

   Spells                             Type                      Level
   a - Freeze                         Ice                          1
   b - Throw Frost                    Conjuration/Ice              2
   c - Ozocubu's Armour               Charms/Ice                   3
   d - Throw Icicle                   Conjuration/Ice              4
   e - Summon Ice Beast               Ice/Summoning                4
   f - Condensation Shield            Ice                          4
 t - a book of Ice

   Spells                             Type                      Level
   a - Ice Form                       Ice/Transmutation            4
   b - Metabolic Englaciation         Hexes/Ice                    5
   c - Ozocubu's Refrigeration        Ice                          6
   d - Bolt of Cold                   Conjuration/Ice              6
   e - Freezing Cloud                 Conjuration/Ice/Air          6
   f - Simulacrum                     Ice/Necromancy               6
Comestibles
 c - a bread ration
 k - 5 fruits
 r - a chunk of flesh


   Skills:
 + Level 0.2 Fighting
 + Level 1.5 Polearms
 + Level 2.9 Dodging
 - Level 2.1 Stealth
 - Level 2.0 Spellcasting
   Level 0.7 Conjurations
 + Level 4.6 Ice Magic


You had 2 spell levels left.
You knew the following spells:

 Your Spells              Type           Power        Failure   Level  Hunger
a - Freeze                Ice            ###.         3%          1    #......
o - Ozocubu's Armour      Chrm/Ice       #.......     30%         3    ###....


Dungeon Overview and Level Annotations

Branches:
Dungeon (5/15)
 Temple: D:4-7

Altars:

Annotations:
D:4 George's ghost, average DsGl


Message History

The centaur is lightly wounded.
The centaur completely misses you. The centaur barely misses you.
Casting: Freeze
Confirm with . or Enter, or press ? or * to list all spells.
Aiming: Freeze
Press: ? - help, Shift-Dir - straight line, f/p - centaur
Aim: a centaur (lightly wounded)
You freeze the centaur.
The centaur is lightly wounded.
The centaur hits you.
* * * LOW HITPOINT WARNING * * *
Casting: Freeze
Confirm with . or Enter, or press ? or * to list all spells.
Aiming: Freeze
Press: ? - help, Shift-Dir - straight line, f/p - centaur
Aim: a centaur (lightly wounded)
You freeze the centaur.
The centaur is moderately wounded.
The centaur hits you!
You die...

#.# #.# # # #.# .#.##
#.# .#...
#†#####..###.
###............
#######..............
...(..c(.....<....#.
#######@#####..#..#
#(# .........
#.?(......#..#.#
#..##.##.....#
#..#...##.#.... #....
...#..... #.## #.#
.... .. #.


You could see a centaur.

Vanquished Creatures
  An adder (D:5)
  A giant gecko (D:3)
  5 orcs
  A giant cockroach (D:2)
  5 goblins
  2 hobgoblins (D:2)
  4 kobolds
  A quokka (D:2)
  3 bats
  5 giant newts
  A rat (D:2)
29 creatures vanquished.

Notes
Turn   | Place    | Note
--------------------------------------------------------------
     0 | D:1      | Kolbur the Merfolk Ice Elementalist began the quest for the Orb.
     0 | D:1      | Reached XP level 1. HP: 13/13 MP: 3/3
   324 | D:2      | Reached XP level 2. HP: 19/19 MP: 1/5
   360 | D:2      | Reached skill level 4 in Ice Magic
   598 | D:4      | Noticed George's ghost (average DsGl)
   690 | D:3      | Reached XP level 3. HP: 22/24 MP: 4/6
   706 | D:3      | Learned a level 3 spell: Ozocubu's Armour
   844 | D:4      | Reached skill level 1 in Polearms
   856 | D:5      | Entered Level 5 of the Dungeon
   865 | D:5      | Noticed a centaur
   875 | D:5      | Slain by a centaur

Vault maps used:
D:1:      wheals_arrival_linesprint
D:4:      nemelex_xobeh_ov_fountains_minmay, serial_shops, shop
D:5:      first_bread, nrook_loot_triangle, uniq_sigmund

Action                   || total
-------------------------++-------
Melee: Spear             ||    48
 Cast: Freeze            ||    31
  Use: Scroll            ||     3
 Stab: Sleeping          ||     5
       Distracted        ||     1
  Eat: Chunk             ||     1
